Map: 克哈裂痕

Players

邀月

  • Race: Protoss Protoss
  • League: Master
  • Spawn Location: 7:00

只爱小彬彬

  • Race: Terran Terran
  • Spawn Location: 7:00

VOD

Have the link to the VOD?

Description

Time

  • Played on: Feb. 26, 2018, 2:35 a.m.
  • Length: 15:04
Show
View Real Time Build Order
Export as new Build Order

邀月 Protoss 

Build Orders:  

Get SALT Encoding   

  12  0:03  Probe (Chrono Boost)  
  13  0:15  Probe (Chrono Boost)  
  14  0:27  Probe (Chrono Boost)  
  15  0:33  Pylon  
  15  0:39  Probe (Chrono Boost)  
  16  0:48  Assimilator  
  16  0:51  Probe (Chrono Boost)  
  17  1:03  Probe (Chrono Boost)  
  17  1:09  Gateway  
  18  1:15  Probe (Chrono Boost)  
  19  1:25  Cybernetics Core  
  19  1:27  Probe (Chrono Boost)  
  20  1:39  Assimilator, Probe (Chrono Boost)  
  21  1:51  Probe (Chrono Boost)  
  21  1:53  Forge  
  22  2:03  Probe (Chrono Boost)  
  22  2:06  Legionnaire  
  22  2:09  Kaldalis' A.I. Personality  
  26  2:29  Probe (Chrono Boost)  
  27  2:32  Talis' A.I. Personality  
  27  2:36  Adept  
  29  2:48  Purifier Armaments  
  29  3:06  Probe (Chrono Boost)  
  30  3:28  Probe (Chrono Boost)  
  31  3:35  Fleet Beacon, Stargate  
  32  3:45  Probe (Chrono Boost)  
  32  4:02  Nexus  
  33  4:10  Carrier  
  33  4:13  Probe (Chrono Boost)  
  33  4:17  Pylon  
  34  4:30  Probe (Chrono Boost)  
  40  4:57  Clolarion's A.I. Personality  
  41  5:04  Probe (Chrono Boost)  
  42  5:21  Probe (Chrono Boost)  
  42  5:23  Robotics Facility  
  42  5:24  Robotics Bay  
  42  5:58  Mojo's A.I. Personality  
  42  6:01  Scout  
  42  6:19  Colossus  
  47  6:40  Warbringer's A.I. Personality  
  47  6:41  Probe (Chrono Boost)  
  47  6:43  Probe (Chrono Boost)  
  53  6:58  Probe (Chrono Boost)  
  55  7:02  Probe (Chrono Boost)  
  56  7:15  Probe (Chrono Boost)  
  56  7:19  Probe (Chrono Boost)  
  54  7:24  Immortal  
  54  7:25  Taldarin's A.I. Personality  
  50  7:41  Scout  
  50  7:44  Probe (Chrono Boost)  
  50  7:46  Warp Gate  
  50  7:47  Adept  
  60  7:50  Probe (Chrono Boost)  
  60  7:57  Gateway  
  60  7:58  Gateway  
  60  7:59  Observation Protocol  
  61  8:12  Probe (Chrono Boost)  
  61  8:14  Interdictors  
  61  8:17  Scout  
  64  8:22  Gateway  
  64  8:30  Twilight Council  
  64  8:33  Pylon  
  64  8:34  Pylon  
  64  8:41  Immortal, Pylon  
  64  8:44  Pylon  
  64  8:58  Legionnaire  
  71  9:20  Immortal  
  71  9:34  Debilitation System  
  75  9:41  Scout  
  75  9:46  Conservator, Legionnaire  
  75  9:47  Conservator  
  75  9:48  Adept  
  87  9:52  Gateway  
  87  9:57  Gateway, Protoss Ground Weapons Level 1  
  87  10:19  Conservator  
  85  10:21  Conservator  
  87  10:30  Empowered Blades  
  87  10:34  Legionnaire x2  
  90  10:41  Gateway  
  90  10:42  Conservator  
  90  10:45  Gateway  
  88  10:51  Legionnaire  
  88  10:59  Adept  
  90  11:01  Pylon  
  90  11:06  Assimilator  
  90  11:08  Probe (Chrono Boost)  
  88  11:14  Assimilator  
  88  11:18  Adept x2  
  85  11:30  Psionic Projection  
  85  11:35  Legionnaire x2  
  85  11:36  Legionnaire x2  
  94  11:54  Scout  
  97  12:11  Adept x2  
  97  12:12  Adept x2  
  97  12:17  Pylon  
  105  12:20  Pylon  
  105  12:23  Pylon  
  105  12:24  Pylon  
  105  12:25  Pylon  
  105  12:30  Pylon  
  105  12:37  Conservator  
  105  12:43  Adept x3  
  105  12:44  Legionnaire  
  114  12:50  Legionnaire x2  
  114  12:51  Adept  
  119  13:04  Adept  
  119  13:07  Conservator x3  
  112  13:20  Adept x4  
  106  13:33  Adept x2  
  83  14:06  Adept  
  83  14:07  Adept x4  
  87  14:10  Legionnaire x2  
  71  14:32  Legionnaire x2  
  73  14:45  Adept x3  
Show
View Real Time Build Order
Export as new Build Order

只爱小彬彬 Terran 

Build Orders:  

Get SALT Encoding   

  12  0:03  SCV  
  13  0:28  SCV  
  14  0:44  Supply Depot  
  14  0:45  SCV  
  15  0:56  Refinery  
  15  1:02  SCV  
  16  1:19  SCV  
  17  1:22  Refinery  
  17  1:36  SCV  
  18  1:53  SCV  
  19  2:10  SCV  
  19  2:17  Barracks  
  20  2:27  SCV  
  21  2:31  Engineering Bay  
  21  2:37  Engineering Bay  
  21  2:44  SCV  
  22  3:01  SCV  
  23  3:11  Factory  
  23  3:21  Barracks  
  23  3:28  Supply Depot  
  23  3:31  SCV  
  24  3:48  SCV  
  25  4:04  SCV  
  26  4:15  Barracks  
  26  4:21  SCV  
  27  4:38  SCV  
  28  4:40  Armory  
  28  4:55  SCV  
  29  5:00  Starport  
  29  5:02  Terran Infantry Weapons Level 1  
  29  5:03  Terran Infantry Armor Level 1  
  29  5:12  SCV  
  30  5:24  Factory Tech Lab  
  30  5:50  Barracks  
  30  6:07  Fusion Core  
  30  6:14  Barracks  
  30  6:36  Barracks  
  30  6:52  Neosteel Frame  
  30  6:57  Barracks  
  30  6:59  Terran Vehicle and Ship Weapons Level 1  
  30  7:36  Barracks  
  30  7:43  Building Armor  
  30  8:42  Barracks  
  30  8:51  Command Center  
  30  8:56  Barracks  
  30  9:00  Weapon Refit  
  30  9:04  Starport Tech Lab  
  30  9:08  Terran Infantry Weapons Level 2  
  30  9:10  Terran Infantry Armor Level 2  
  30  9:26  Cloaking Field  
  30  9:31  Barracks  
  30  9:39  Terran Vehicle And Ship Armor Level 1  
  30  10:11  Barracks  
  30  10:33  Barracks  
  30  11:01  Barracks  
  30  11:04  Orbital Command  
  30  11:48  Battlecruiser  
  36  12:09  Replenishable Magazine  
  36  13:09  Cerberus Mines  
Tags
 
Commander
FenixRaynor
League
Master
Matchup
Co-op
Replay Pack
Co-op Speedrun
Add a new tag
Caveats
  • Supply blocks, unpowered buildings, or Contaminate may cause inaccurate times.
  • Supply counts are checked every 10 seconds.